 Dungeon Crawl Stone Soup version 0.19.0-19-g8c6edcc (webtiles) character file.

35 JeffiDaFish the Shield-Bearer (level 3, -4/23 HPs)
             Began as a Gargoyle Fighter on Nov 14, 2016.
             Splashed by Ijyb's acid (10 damage)
             ... on level 2 of the Dungeon.
             The game lasted 00:01:43 (860 turns).

JeffiDaFish the Shield-Bearer (Gargoyle Fighter)     Turns: 860, Time: 00:01:45

Health: -4/23      AC: 11    Str: 20    XL:     3   Next: 33%
Magic:  3/3        EV:  7    Int:  8    God:
Gold:   33         SH:  9    Dex:  9    Spells: 0 memorised, 2 levels left

rFire  . . .     SeeInvis .     a - +0 flail
rCold  . . .     Gourm    .     b - +0 scale mail
rNeg   + . .     Faith    .     c - +0 shield
rPois  ∞         Spirit   .     e - +0 helmet
rElec  +         Reflect  .     (no cloak)
rCorr  .         Harm     .     (no gloves)
MR     .....                    (no boots)
Stlth  ..........               (no amulet)
                                (no ring)
                                (no ring)

@: no status effects
A: negative energy resistance 1, electricity resistance, unbreathing,
petrification resistance, rot immunity, AC +3
a: no special abilities


You were on level 2 of the Dungeon.
You were not hungry.

You visited 1 branch of the dungeon, and saw 2 of its levels.

You collected 33 gold pieces.

Inventory:

Hand Weapons
 a - a +0 flail (weapon)
Armour
 b - a +0 scale mail (worn)
 c - a +0 shield (worn)
 e - a +0 helmet (worn)
Potions
 d - a potion of might
Comestibles
 f - a bread ration
 g - 2 chunks of flesh
 h - 2 meat rations


   Skills:
 + Level 3.4 Fighting
 + Level 2.5 Maces & Flails
 + Level 3.6 Armour
 + Level 4.0 Shields


You had 2 spell levels left.
You didn't know any spells.

Dungeon Overview and Level Annotations

Branches:
Dungeon (2/15)

Altars:
Hepliaklqana
Uskayaw

Annotations:
D:2 Ijyb


Innate Abilities, Weirdness & Mutations

You are resistant to torment.
Your stone body is resilient. (AC +3)
You are immune to poison.
You resist negative energy. (rN+)
You are resistant to electric shocks. (rElec)
You can survive without breathing.
You are immune to petrification.
You are immune to rotting.


Message History

g - 2 chunks of flesh (gained 1)
Found a hide-covered altar of Uskayaw.
You now have 33 gold pieces (gained 12).
You see here a helmet.
e - a helmet You start putting on your armour.
You continue putting on your helmet. x4
You finish putting on your +0 helmet.
Ijyb the Twisted Goblin comes into view.
She is wielding a dagger of electrocution.
Ijyb shouts!
Found a hand axe.
No reachable target in view!
No reachable target in view!
Ijyb zaps a wand.
The bolt of acid misses you.
It is a wand of acid.
You sock Ijyb!
Ijyb is moderately wounded.
Ijyb zaps a wand.
The bolt of acid hits you!
Ouch! That really hurt!
* * * LOW HITPOINT WARNING * * *
You are splashed with acid!
The acid burns!
You die...

...............#
#
###......##..#..#
##....###.###.#
#.........##.#
####....#........
..........#####
..
.####....######
.#.(#...#.......
.#.(#._@........
.#..#..g#.......
.####.....######
........#.#
.).........
#.#.....#...
#....##.# ##.
..## ..# ##


You could see Ijyb and 2 dancing weapons.

Vanquished Creatures
  An adder (D:2)
  A worm (D:2)
  A dart slug (D:1)
  A ball python (D:1)
  2 giant cockroaches
  A hobgoblin (D:1)
  2 kobolds (D:1)
  3 bats
  A frilled lizard (D:1)
  4 goblins (D:1)
  5 rats (D:1)
22 creatures vanquished.

Notes
Turn   | Place    | Note
-------+----------+-------------------------------------------
     0 | D:1      | JeffiDaFish the Gargoyle Fighter began the quest for the Orb.
     0 | D:1      | Reached XP level 1. HP: 14/14 MP: 1/1
    78 | D:1      | Reached XP level 2. HP: 19/19 MP: 2/2
   724 | D:2      | Found a faded altar of an unknown god.
   724 | D:2      | Found a faded altar of an unknown god.
   729 | D:2      | Found a hazy altar of Hepliaklqana.
   731 | D:2      | Found a faded altar of an unknown god.
   733 | D:2      | Found a faded altar of an unknown god.
   774 | D:2      | Reached XP level 3. HP: 21/23 MP: 3/3
   837 | D:2      | Reached skill level 4 in Shields
   842 | D:2      | Noticed a hand axe
   845 | D:2      | Found a hide-covered altar of Uskayaw.
   845 | D:2      | Noticed a dagger
   856 | D:2      | Noticed Ijyb
   860 | D:2      | Splashed by Ijyb's acid

Skill      XL: |  1  2  3 |
---------------+----------+-----
Shields        | 4 |  4.0
Fighting       | |  3.4
Maces & Flails | |  2.5
Armour         | |  3.6

Action                   || total
-------------------------++-------
Melee: Flail             ||    97
  Use: Scroll            ||     2
       Potion            ||     3
Armor: Scale mail        ||    68
Dodge: Dodged            ||    31
Block: Shield            ||    65
